 Dungeon Crawl Stone Soup version 0.29.0-4-gdea44cf6ec (webtiles) character file.

Game seed: 5786395706972782684

1811 qw the Grappler (level 8, -4/60 (75) HPs)
             Began as a Troll Cinder Acolyte on Sept 1, 2022.
             Was a Priest of Ignis.
             Slain by Duvessa
             ... wielding a +2 short sword of draining
              (6 damage)
             ... on level 5 of the Dungeon.
             The game lasted 00:04:20 (4383 turns).

qw the Grappler (Troll Cinder Acolyte)              Turns: 4383, Time: 00:04:21

HP:   -4/60 (75)    AC: 14    Str: 25    XL:     8   Next: 84%
MP:   8/8           EV:  9    Int: 10    God:    Ignis [***...]
Gold: 213           SH:  0    Dex:  5    Spells: 9/9 levels left

rFire   + + .      SeeInvis .     - Unarmed
rCold   . . .      Faith    .   (no shield)
rNeg    . . .      Spirit   .   a - +0 robe
rPois   +          Reflect  .   (helmet restricted)
rElec   .          Harm     .   h - +2 cloak
rCorr   .          Rampage  .   (gloves unavailable)
Will    .....                   (boots unavailable)
Stlth   +.........              (no amulet)
HPRegen 1.00/turn               g - ring of poison resistance
MPRegen 0.11/turn               k - ring of protection from fire

@: about to teleport, fiery-armoured, heavily drained
A: large, unfitting armour, claws 3, regeneration 1, shaggy fur 1, tough skin 1,
mutation resistance 1
a: Renounce Religion, Fiery Armour, Foxfire Swarm, Rising Flame


You were on level 5 of the Dungeon.
You worshipped Ignis.
Ignis was most pleased with you.
You visited 1 branch of the dungeon, and saw 5 of its levels.

You collected 213 gold pieces.


Innate Abilities, Weirdness & Mutations

You are too large for most types of armour.
You have claws for hands.
Your natural rate of healing is unusually fast.
You are covered in fur. (AC +1)
You have tough skin. (AC +1)
You are somewhat resistant to further mutation.


   Skills:
 + Level 3.4 Fighting
 - Level 2.1 Throwing
 - Level 1.9 Dodging
 - Level 10.8 Unarmed Combat
 - Level 1.0 Spellcasting
 - Level 2.1 Fire Magic


You had 9 spell levels left.
You didn't know any spells.
Your spell library contained the following spells:

 Spells                   Type           Power      Damage    Failure   Level
 Scorch                   Fire           8%         2d5       22%         2

Inventory:

Missiles
 e - 4 boomerangs (quivered)
 q - 2 javelins
Armour
 a - a +0 robe (worn)
 h - a +2 cloak (worn)
Jewellery
 g - a ring of poison resistance (left claw)
 k - a ring of protection from fire (right claw)
 l - a ring of willpower
 n - a +4 ring of evasion
Scrolls
 c - 2 scrolls of identify
 p - 3 scrolls of vulnerability {unknown}
Potions
 b - a potion of degeneration {unknown}
 d - a potion of ambrosia {unknown}
 f - a potion of curing
 i - a potion of lignification {unknown}
 j - a potion of mutation
 m - a potion of resistance {unknown}

Dungeon Overview and Level Annotations

Branches:
Dungeon (5/15)             Temple (0/1) D:5

Altars:

Shops:
D:2 (=(=[   D:4 :

Annotations:
D:5 Duvessa


Message History

You feel drained. Dowan hits you with a +0 dagger.
Dowan is burned by your cloak of flames.
Dowan is lightly wounded.
You mangle Dowan!!
Dowan is almost dead.
Duvessa hits you but does no damage.
You feel drained. Dowan closely misses you.
You scratch Dowan.
You kill Dowan!
Duvessa screams in rage.
Duvessa goes berserk!
Duvessa hits you but does no damage.
You feel drained.
Your Throwing skill increases to level 2!
You barely miss Duvessa.
Duvessa is lightly wounded.
Duvessa hits you with a +2 short sword of draining!
You feel drained.
You barely miss Duvessa.
Duvessa hits you with a +2 short sword of draining!!
You feel drained. Duvessa completely misses you.
You completely miss Duvessa. Your claw misses Duvessa.
Duvessa hits you with a +2 short sword of draining!
You feel drained.
Duvessa is burned by your cloak of flames.
Duvessa is lightly wounded.
4381 ||| READING scroll of teleportation.
As you read the scroll of teleportation, it crumbles to dust.
You feel strangely unstable. Duvessa closely misses you.
You claw Duvessa!
Duvessa is moderately wounded.
Duvessa hits you with a +2 short sword of draining.
You feel drained.
Duvessa is burned by your cloak of flames.
Duvessa is heavily wounded.
You mangle Duvessa!! You claw Duvessa, but do no damage.
Duvessa is almost dead.
Duvessa hits you with a +2 short sword of draining.
You feel drained.
Duvessa hits you with a +2 short sword of draining.
You die...

..# #.............. ###
#.#######....## ###
###....#. ..# #....[.#.
.######.# ####.....
........# #.....
######### ######## #
#..#.. #####
#....#.#..## #..#..
#...# #+##....@)....#
##..##.
##...####.##.##.#e#.....
........
.......^.....##.........
.....##.
##...####.#..######...##
####.##. #...# #.#..#
...# #. #. #...# #.#[.#
..# #. #...# #.#..# .#
#. ##### .....# .# #.
.....# ..


You could see Duvessa (berserk).

Vanquished Creatures
  Pikel (D:5)
  Prince Ribbit (D:5)
  Menkaure (D:5)
  4 ogres
  A lemure (D:5)
  2 scorpions (D:5)
  Dowan (D:5)
  A howler monkey (D:5)
  A jelly (D:4)
  3 hounds
  2 orc priests
  An orc wizard (D:4)
  10 adders
  11 gnolls
  A shadow imp (D:5)
  2 worms (D:2)
  3 dart slugs
  8 orcs (D:4)
  6 bats
  13 endoplasms
  4 giant cockroaches
  6 goblins
  5 hobgoblins
  9 kobolds
  3 quokkas
  9 ball pythons
  A frilled lizard (D:2)
  4 rats
114 creatures vanquished.

Notes
Turn   | Place    | Note
-------+----------+-------------------------------------------
     0 | D:1      | qw the Troll Cinder Acolyte began the quest for the Orb.
     0 | D:1      | Reached XP level 1. HP: 22/22 MP: 1/1
     0 | D:1      | 0 ||| qw: Version: 0.1-a-97-g2dd2ca4
     0 | D:1      | 0 ||| qw: Game counter: 4894
     0 | D:1      | 0 ||| qw: Always use a shield: true
     0 | D:1      | 0 ||| qw: God list: Okawaru
     0 | D:1      | 0 ||| qw: Allow faded altars: false
     0 | D:1      | 0 ||| qw: Do Orc after D:15 true
     0 | D:1      | 0 ||| qw: Do second Lair branch before Depths: true
     0 | D:1      | 0 ||| qw: Lair rune preference: random
     0 | D:1      | 0 ||| qw: Plans: Normal
     0 | D:1      | 0 ||| PLANNING D:1-11
   238 | D:1      | Reached XP level 2. HP: 29/29 MP: 2/2
   428 | D:1      | 428 ||| Stepping ~*~*~tactically~*~*~ (stealth).
   430 | D:1      | 430 ||| Stepping ~*~*~tactically~*~*~ (stealth).
   441 | D:1      | 441 ||| Stepping ~*~*~tactically~*~*~ (stealth).
   470 | D:1      | Found a faded altar of an unknown god.
   529 | D:1      | Reached skill level 4 in Unarmed Combat
   690 | D:1      | 690 ||| UPGRADING to ring of poison resistance.
   691 | D:1      | 691 ||| READING scroll labelled KEUT KAHUOSCHU.
   692 | D:1      | 692 ||| READING scroll labelled UNKITHR UZOYR XET.
   693 | D:1      | 693 ||| READING scroll labelled LIQIGU BEMOBEI.
   713 | D:2      | Found Biopunos's Antique Armour Emporium.
   722 | D:2      | Found Gahurugg's Jewellery Shoppe.
   738 | D:2      | 738 ||| SHOPLISTING +4 ring of protection (396 gold, have
                  | 16).
   738 | D:2      | 738 ||| SHOPLISTING ring of ice (275 gold, have 16).
   738 | D:2      | 738 ||| SHOPLISTING ring of poison resistance (220 gold,
                  | have 16).
   738 | D:2      | 738 ||| SHOPLISTING ring of see invisible (165 gold, have
                  | 16).
   738 | D:2      | 738 ||| SHOPLISTING ring of the Sun {rF+ Will+ Int+3} (498
                  | gold, have 16).
   784 | D:2      | Reached XP level 3. HP: 36/36 MP: 3/3
   892 | D:2      | 892 ||| Stepping ~*~*~tactically~*~*~ (hiding).
   965 | D:2      | 965 ||| INVOKING Fiery Armour.
   971 | D:2      | 971 ||| Stepping ~*~*~tactically~*~*~ (outnumbered).
   978 | D:2      | Reached skill level 5 in Unarmed Combat
   978 | D:2      | Reached XP level 4. HP: 43/44 MP: 4/4
  1264 | D:2      | 1264 ||| Stepping ~*~*~tactically~*~*~ (stealth).
  1265 | D:2      | 1265 ||| INVOKING Fiery Armour.
  1269 | D:2      | 1269 ||| Stepping ~*~*~tactically~*~*~ (stealth).
  1274 | D:2      | 1274 ||| Stepping ~*~*~tactically~*~*~ (hiding).
  1281 | D:2      | Reached XP level 5. HP: 43/50 MP: 5/5
  1292 | D:2      | Found Mebliq's Antique Weapon Boutique.
  1350 | D:2      | Reached skill level 6 in Unarmed Combat
  1464 | D:2      | Found Dupt's Weapon Emporium.
  1618 | D:2      | Found Tylalan's Jewellery Shoppe.
  1631 | D:2      | 1631 ||| Stepping randomly (stuck).
  1632 | D:2      | 1632 ||| Stepping randomly (stuck).
  1633 | D:2      | 1633 ||| Stepping randomly (stuck).
  1634 | D:2      | 1634 ||| Stepping randomly (stuck).
  1635 | D:2      | 1635 ||| Stepping randomly (stuck).
  1636 | D:2      | 1636 ||| Stepping randomly (stuck).
  1637 | D:2      | 1637 ||| Stepping randomly (stuck).
  1638 | D:2      | 1638 ||| Stepping randomly (stuck).
  1640 | D:2      | 1640 ||| Stepping randomly (stuck).
  1641 | D:2      | 1641 ||| Stepping randomly (stuck).
  1642 | D:2      | 1642 ||| Stepping randomly (stuck).
  1643 | D:2      | 1643 ||| Stepping randomly (stuck).
  1644 | D:2      | 1644 ||| Stepping randomly (stuck).
  1645 | D:2      | 1645 ||| Stepping randomly (stuck).
  1646 | D:2      | 1646 ||| Stepping randomly (stuck).
  1647 | D:2      | 1647 ||| Stepping randomly (stuck).
  1648 | D:2      | 1648 ||| Stepping randomly (stuck).
  1649 | D:2      | 1649 ||| Stepping randomly (stuck).
  1650 | D:2      | 1650 ||| Stepping randomly (stuck).
  1651 | D:2      | 1651 ||| Stepping randomly (stuck).
  1652 | D:2      | 1652 ||| SHOPLISTING +4 ring of protection (360 gold, have
                  | 65).
  1652 | D:2      | 1652 ||| SHOPLISTING +6 ring of dexterity (360 gold, have
                  | 65).
  1652 | D:2      | 1652 ||| SHOPLISTING +6 ring of strength (360 gold, have
                  | 65).
  1652 | D:2      | 1652 ||| SHOPLISTING amulet "Yda Hiy" {rC- Regen+ Dex+4
                  | SInv Stlth+} (454 gold, have 65).
  1652 | D:2      | 1652 ||| SHOPLISTING amulet of regeneration (300 gold, have
                  | 65).
  1652 | D:2      | 1652 ||| SHOPLISTING ring of protection from cold (250
                  | gold, have 65).
  1652 | D:2      | 1652 ||| SHOPLISTING ring of the Solstice {*Slow Will+
                  | Int+6 Slay+3} (516 gold, have 65).
  1652 | D:2      | 1652 ||| Stepping randomly (stuck).
  1653 | D:2      | 1653 ||| Stepping randomly (stuck).
  1654 | D:2      | 1654 ||| Stepping randomly (stuck).
  1655 | D:2      | 1655 ||| Stepping randomly (stuck).
  1656 | D:2      | 1656 ||| Stepping randomly (stuck).
  1657 | D:2      | 1657 ||| Stepping randomly (stuck).
  1658 | D:2      | 1658 ||| Stepping randomly (stuck).
  1659 | D:2      | 1659 ||| Stepping randomly (stuck).
  1660 | D:2      | 1660 ||| Stepping randomly (stuck).
  1661 | D:2      | 1661 ||| Stepping randomly (stuck).
  1662 | D:2      | 1662 ||| Stepping randomly (stuck).
  1663 | D:2      | 1663 ||| Stepping randomly (stuck).
  1664 | D:2      | 1664 ||| Stepping randomly (stuck).
  1665 | D:2      | 1665 ||| Stepping randomly (stuck).
  1666 | D:2      | 1666 ||| Stepping randomly (stuck).
  1667 | D:2      | 1667 ||| Stepping randomly (stuck).
  1668 | D:2      | 1668 ||| Stepping randomly (stuck).
  1669 | D:2      | 1669 ||| Stepping randomly (stuck).
  1670 | D:2      | 1670 ||| Stepping randomly (stuck).
  1671 | D:2      | 1671 ||| Stepping randomly (stuck).
  1672 | D:2      | 1672 ||| Stepping randomly (stuck).
  1673 | D:2      | 1673 ||| Stepping randomly (stuck).
  1674 | D:2      | 1674 ||| Stepping randomly (stuck).
  1675 | D:2      | 1675 ||| Stepping randomly (stuck).
  1676 | D:2      | 1676 ||| Stepping randomly (stuck).
  1677 | D:2      | 1677 ||| Stepping randomly (stuck).
  1678 | D:2      | 1678 ||| Stepping randomly (stuck).
  1679 | D:2      | 1679 ||| Stepping randomly (stuck).
  1680 | D:2      | 1680 ||| Stepping randomly (stuck).
  1681 | D:2      | 1681 ||| Stepping randomly (stuck).
  1682 | D:2      | 1682 ||| Stepping randomly (stuck).
  1683 | D:2      | 1683 ||| Stepping randomly (stuck).
  1684 | D:2      | 1684 ||| Stepping randomly (stuck).
  1685 | D:2      | 1685 ||| Stepping randomly (stuck).
  1686 | D:2      | 1686 ||| Stepping randomly (stuck).
  1687 | D:2      | 1687 ||| Stepping randomly (stuck).
  1688 | D:2      | 1688 ||| Stepping randomly (stuck).
  1689 | D:2      | 1689 ||| Stepping randomly (stuck).
  1690 | D:2      | 1690 ||| Stepping randomly (stuck).
  1691 | D:2      | 1691 ||| Stepping randomly (stuck).
  1692 | D:2      | 1692 ||| Stepping randomly (stuck).
  1693 | D:2      | 1693 ||| Stepping randomly (stuck).
  1694 | D:2      | 1694 ||| Stepping randomly (stuck).
  1695 | D:2      | 1695 ||| Stepping randomly (stuck).
  1696 | D:2      | 1696 ||| Stepping randomly (stuck).
  1697 | D:2      | 1697 ||| Stepping randomly (stuck).
  1698 | D:2      | 1698 ||| Stepping randomly (stuck).
  1699 | D:2      | 1699 ||| Stepping randomly (stuck).
  1700 | D:2      | 1700 ||| Stepping randomly (stuck).
  1701 | D:2      | 1701 ||| Stepping randomly (stuck).
  1702 | D:2      | 1702 ||| Stepping randomly (stuck).
  1703 | D:2      | 1703 ||| Stepping randomly (stuck).
  1704 | D:2      | 1704 ||| Stepping randomly (stuck).
  1705 | D:2      | 1705 ||| Stepping randomly (stuck).
  1706 | D:2      | 1706 ||| Stepping randomly (stuck).
  1707 | D:2      | 1707 ||| Stepping randomly (stuck).
  1708 | D:2      | 1708 ||| Stepping randomly (stuck).
  1709 | D:2      | 1709 ||| Stepping randomly (stuck).
  1710 | D:2      | 1710 ||| Stepping randomly (stuck).
  1711 | D:2      | 1711 ||| Stepping randomly (stuck).
  1712 | D:2      | 1712 ||| Stepping randomly (stuck).
  1713 | D:2      | 1713 ||| Stepping randomly (stuck).
  1714 | D:2      | 1714 ||| Stepping randomly (stuck).
  1715 | D:2      | 1715 ||| Stepping randomly (stuck).
  1716 | D:2      | 1716 ||| Stepping randomly (stuck).
  1717 | D:2      | 1717 ||| Stepping randomly (stuck).
  1718 | D:2      | 1718 ||| Stepping randomly (stuck).
  1719 | D:2      | 1719 ||| Stepping randomly (stuck).
  1720 | D:2      | 1720 ||| Stepping randomly (stuck).
  1721 | D:2      | 1721 ||| Stepping randomly (stuck).
  1722 | D:2      | 1722 ||| Stepping randomly (stuck).
  1723 | D:2      | 1723 ||| Stepping randomly (stuck).
  1724 | D:2      | 1724 ||| Stepping randomly (stuck).
  1725 | D:2      | 1725 ||| Stepping randomly (stuck).
  1726 | D:2      | 1726 ||| Stepping randomly (stuck).
  1727 | D:2      | 1727 ||| Stepping randomly (stuck).
  1728 | D:2      | 1728 ||| Stepping randomly (stuck).
  1729 | D:2      | 1729 ||| Stepping randomly (stuck).
  1730 | D:2      | 1730 ||| Stepping randomly (stuck).
  1731 | D:2      | 1731 ||| Stepping randomly (stuck).
  1732 | D:2      | 1732 ||| Stepping randomly (stuck).
  1733 | D:2      | 1733 ||| Stepping randomly (stuck).
  1734 | D:2      | 1734 ||| Stepping randomly (stuck).
  1735 | D:2      | 1735 ||| Stepping randomly (stuck).
  1736 | D:2      | 1736 ||| Stepping randomly (stuck).
  1737 | D:2      | 1737 ||| Stepping randomly (stuck).
  1738 | D:2      | 1738 ||| Stepping randomly (stuck).
  1739 | D:2      | 1739 ||| Stepping randomly (stuck).
  1740 | D:2      | 1740 ||| Stepping randomly (stuck).
  1741 | D:2      | 1741 ||| Stepping randomly (stuck).
  1742 | D:2      | 1742 ||| Stepping randomly (stuck).
  1743 | D:2      | 1743 ||| Stepping randomly (stuck).
  1744 | D:2      | 1744 ||| Stepping randomly (stuck).
  1745 | D:2      | 1745 ||| Stepping randomly (stuck).
  1746 | D:2      | 1746 ||| Stepping randomly (stuck).
  1747 | D:2      | 1747 ||| Stepping randomly (stuck).
  1748 | D:2      | 1748 ||| Stepping randomly (stuck).
  1749 | D:2      | 1749 ||| Stepping randomly (stuck).
  1750 | D:2      | 1750 ||| Stepping randomly (stuck).
  1751 | D:2      | 1751 ||| Stepping randomly (stuck).
  1752 | D:2      | 1752 ||| Stepping randomly (stuck).
  1753 | D:2      | 1753 ||| Stepping randomly (stuck).
  1754 | D:2      | 1754 ||| Stepping randomly (stuck).
  1755 | D:2      | 1755 ||| Stepping randomly (stuck).
  1756 | D:2      | 1756 ||| Stepping randomly (stuck).
  1757 | D:2      | 1757 ||| Stepping randomly (stuck).
  1758 | D:2      | 1758 ||| Stepping randomly (stuck).
  1759 | D:2      | 1759 ||| Stepping randomly (stuck).
  1760 | D:2      | 1760 ||| Stepping randomly (stuck).
  1761 | D:2      | 1761 ||| Stepping randomly (stuck).
  1762 | D:2      | 1762 ||| Stepping randomly (stuck).
  1763 | D:2      | 1763 ||| Stepping randomly (stuck).
  1764 | D:2      | 1764 ||| Stepping randomly (stuck).
  1765 | D:2      | 1765 ||| Stepping randomly (stuck).
  1766 | D:2      | 1766 ||| Stepping randomly (stuck).
  1767 | D:2      | 1767 ||| Stepping randomly (stuck).
  1768 | D:2      | 1768 ||| Stepping randomly (stuck).
  1769 | D:2      | 1769 ||| Stepping randomly (stuck).
  1770 | D:2      | 1770 ||| Stepping randomly (stuck).
  1771 | D:2      | 1771 ||| Stepping randomly (stuck).
  1772 | D:2      | 1772 ||| Stepping randomly (stuck).
  1773 | D:2      | 1773 ||| Stepping randomly (stuck).
  1774 | D:2      | 1774 ||| Stepping randomly (stuck).
  1775 | D:2      | 1775 ||| Stepping randomly (stuck).
  1776 | D:2      | 1776 ||| Stepping randomly (stuck).
  1777 | D:2      | 1777 ||| Stepping randomly (stuck).
  1778 | D:2      | 1778 ||| Stepping randomly (stuck).
  1779 | D:2      | 1779 ||| Stepping randomly (stuck).
  1780 | D:2      | 1780 ||| Stepping randomly (stuck).
  1781 | D:2      | 1781 ||| Stepping randomly (stuck).
  1782 | D:2      | 1782 ||| Stepping randomly (stuck).
  1783 | D:2      | 1783 ||| Stepping randomly (stuck).
  1784 | D:2      | 1784 ||| Stepping randomly (stuck).
  1785 | D:2      | 1785 ||| Stepping randomly (stuck).
  1786 | D:2      | 1786 ||| Stepping randomly (stuck).
  1787 | D:2      | 1787 ||| Stepping randomly (stuck).
  1788 | D:2      | 1788 ||| Stepping randomly (stuck).
  1789 | D:2      | 1789 ||| Stepping randomly (stuck).
  1790 | D:2      | 1790 ||| Stepping randomly (stuck).
  1791 | D:2      | 1791 ||| Stepping randomly (stuck).
  1792 | D:2      | 1792 ||| Stepping randomly (stuck).
  1793 | D:2      | 1793 ||| Stepping randomly (stuck).
  1794 | D:2      | 1794 ||| Stepping randomly (stuck).
  1795 | D:2      | 1795 ||| Stepping randomly (stuck).
  1796 | D:2      | 1796 ||| Stepping randomly (stuck).
  1797 | D:2      | 1797 ||| Stepping randomly (stuck).
  1798 | D:2      | 1798 ||| Stepping randomly (stuck).
  1799 | D:2      | 1799 ||| Stepping randomly (stuck).
  1800 | D:2      | 1800 ||| Stepping randomly (stuck).
  1801 | D:2      | 1801 ||| Stepping randomly (stuck).
  1802 | D:2      | 1802 ||| Stepping randomly (stuck).
  1803 | D:2      | 1803 ||| Stepping randomly (stuck).
  1804 | D:2      | 1804 ||| Stepping randomly (stuck).
  1805 | D:2      | 1805 ||| Stepping randomly (stuck).
  1806 | D:2      | 1806 ||| Stepping randomly (stuck).
  1807 | D:2      | 1807 ||| Stepping randomly (stuck).
  1808 | D:2      | 1808 ||| Stepping randomly (stuck).
  1810 | D:2      | 1810 ||| Stepping randomly (stuck).
  1811 | D:2      | 1811 ||| Stepping randomly (stuck).
  1812 | D:2      | 1812 ||| Stepping randomly (stuck).
  1813 | D:2      | 1813 ||| Stepping randomly (stuck).
  1814 | D:2      | 1814 ||| Stepping randomly (stuck).
  1815 | D:2      | 1815 ||| Stepping randomly (stuck).
  1816 | D:2      | 1816 ||| Stepping randomly (stuck).
  1817 | D:2      | 1817 ||| Stepping randomly (stuck).
  1818 | D:2      | 1818 ||| Stepping randomly (stuck).
  1819 | D:2      | 1819 ||| Stepping randomly (stuck).
  1820 | D:2      | 1820 ||| Stepping randomly (stuck).
  1821 | D:2      | 1821 ||| Stepping randomly (stuck).
  1822 | D:2      | 1822 ||| Stepping randomly (stuck).
  1823 | D:2      | 1823 ||| Stepping randomly (stuck).
  1824 | D:2      | 1824 ||| Stepping randomly (stuck).
  1825 | D:2      | 1825 ||| Stepping randomly (stuck).
  1826 | D:2      | 1826 ||| Stepping randomly (stuck).
  1827 | D:2      | 1827 ||| Stepping randomly (stuck).
  1828 | D:2      | 1828 ||| Stepping randomly (stuck).
  1829 | D:2      | 1829 ||| Stepping randomly (stuck).
  1830 | D:2      | 1830 ||| Stepping randomly (stuck).
  1831 | D:2      | 1831 ||| Stepping randomly (stuck).
  1832 | D:2      | 1832 ||| Stepping randomly (stuck).
  1833 | D:2      | 1833 ||| Stepping randomly (stuck).
  1834 | D:2      | 1834 ||| Stepping randomly (stuck).
  1835 | D:2      | 1835 ||| Stepping randomly (stuck).
  1836 | D:2      | 1836 ||| Stepping randomly (stuck).
  1837 | D:2      | 1837 ||| Stepping randomly (stuck).
  1838 | D:2      | 1838 ||| Stepping randomly (stuck).
  1839 | D:2      | 1839 ||| Stepping randomly (stuck).
  1840 | D:2      | 1840 ||| Stepping randomly (stuck).
  1841 | D:2      | 1841 ||| Stepping randomly (stuck).
  1842 | D:2      | 1842 ||| Stepping randomly (stuck).
  1843 | D:2      | 1843 ||| Stepping randomly (stuck).
  1844 | D:2      | 1844 ||| Stepping randomly (stuck).
  1845 | D:2      | 1845 ||| Stepping randomly (stuck).
  1846 | D:2      | 1846 ||| Stepping randomly (stuck).
  1847 | D:2      | 1847 ||| Stepping randomly (stuck).
  1848 | D:2      | 1848 ||| Stepping randomly (stuck).
  1849 | D:2      | 1849 ||| Stepping randomly (stuck).
  1850 | D:2      | 1850 ||| Stepping randomly (stuck).
  1851 | D:2      | 1851 ||| Stepping randomly (stuck).
  1852 | D:2      | 1852 ||| Stepping randomly (stuck).
  1853 | D:2      | 1853 ||| Stepping randomly (stuck).
  1854 | D:2      | 1854 ||| Stepping randomly (stuck).
  1855 | D:2      | 1855 ||| Stepping randomly (stuck).
  1856 | D:2      | 1856 ||| Stepping randomly (stuck).
  1857 | D:2      | 1857 ||| Stepping randomly (stuck).
  1858 | D:2      | 1858 ||| Stepping randomly (stuck).
  1859 | D:2      | 1859 ||| Stepping randomly (stuck).
  1860 | D:2      | 1860 ||| Stepping randomly (stuck).
  2176 | D:3      | 2176 ||| Stepping ~*~*~tactically~*~*~ (stealth).
  2261 | D:3      | 2261 ||| Stepping ~*~*~tactically~*~*~ (stealth).
  2273 | D:3      | 2273 ||| INVOKING Fiery Armour.
  2276 | D:3      | 2276 ||| Stepping ~*~*~tactically~*~*~ (hiding).
  2564 | D:3      | 2564 ||| UPGRADING to ring of protection from fire.
  2565 | D:3      | 2565 ||| READING scroll labelled SUCODWOATZ.
  2666 | D:3      | 2666 ||| DRINKING 2 purple potions.
  2667 | D:3      | 2667 ||| DRINKING 2 cyan potions.
  2668 | D:3      | 2668 ||| DRINKING 2 fuming ruby potions.
  2668 | D:3      | Gained mutation: You are somewhat resistant to further
                  | mutation. [potion of mutation]
  2669 | D:3      | 2669 ||| READING 2 scrolls of identify.
  2669 | D:3      | 2669 ||| IDENTIFYING golden potion
  2670 | D:3      | 2670 ||| DROPPING potion of berserk rage.
  2744 | D:4      | Reached XP level 6. HP: 58/59 MP: 6/6
  2757 | D:4      | HP: 9/59 [ogre/+0 giant club (23)]
  2758 | D:4      | 2758 ||| DRINKING potion of heal wounds.
  2762 | D:4      | Reached skill level 7 in Unarmed Combat
  2833 | D:4      | 2833 ||| Stepping ~*~*~tactically~*~*~ (hiding).
  3042 | D:4      | Found Yptithre's Book Boutique.
  3340 | D:4      | 3340 ||| Stepping ~*~*~tactically~*~*~ (stealth).
  3341 | D:4      | 3341 ||| Stepping ~*~*~tactically~*~*~ (outnumbered).
  3342 | D:4      | 3342 ||| Stepping ~*~*~tactically~*~*~ (outnumbered).
  3343 | D:4      | 3343 ||| Stepping ~*~*~tactically~*~*~ (outnumbered).
  3344 | D:4      | 3344 ||| Stepping ~*~*~tactically~*~*~ (outnumbered).
  3345 | D:4      | 3345 ||| Stepping ~*~*~tactically~*~*~ (outnumbered).
  3346 | D:4      | 3346 ||| Stepping ~*~*~tactically~*~*~ (outnumbered).
  3439 | D:4      | 3439 ||| Stepping ~*~*~tactically~*~*~ (stealth).
  3588 | D:4      | 3588 ||| Stepping ~*~*~tactically~*~*~ (outnumbered).
  3590 | D:4      | 3590 ||| Stepping ~*~*~tactically~*~*~ (outnumbered).
  3591 | D:4      | 3591 ||| Stepping ~*~*~tactically~*~*~ (outnumbered).
  3593 | D:4      | 3593 ||| Stepping ~*~*~tactically~*~*~ (outnumbered).
  3594 | D:4      | 3594 ||| Stepping ~*~*~tactically~*~*~ (outnumbered).
  3686 | D:4      | 3686 ||| Stepping ~*~*~tactically~*~*~ (hiding).
  3699 | D:4      | Reached skill level 8 in Unarmed Combat
  3768 | D:4      | 3768 ||| INVOKING Fiery Armour.
  3772 | D:4      | Reached skill level 3 in Fighting
  3772 | D:4      | Reached XP level 7. HP: 20/67 MP: 7/7
  3866 | D:4      | 3866 ||| UPGRADING to +2 cloak.
  3871 | D:4      | 3871 ||| READING 3 scrolls labelled XITYBL GAIPAGA.
  3872 | D:4      | 3872 ||| DROPPING 2 scrolls of poison.
  3936 | D:5      | Entered Level 5 of the Dungeon
  3954 | D:5      | 3954 ||| INVOKING Fiery Armour.
  3955 | D:5      | 3955 ||| Stepping ~*~*~tactically~*~*~ (stealth).
  3956 | D:5      | 3956 ||| Stepping ~*~*~tactically~*~*~ (stealth).
  3986 | D:5      | Reached skill level 9 in Unarmed Combat
  4006 | D:5      | Found a staircase to the Ecumenical Temple.
  4028 | D:5      | Reached skill level 1 in Throwing
  4043 | D:5      | Noticed Menkaure
  4044 | D:5      | 4044 ||| Stepping ~*~*~tactically~*~*~ (hiding).
  4052 | D:5      | Noticed Prince Ribbit
  4055 | D:5      | Killed Menkaure
  4056 | D:5      | Reached skill level 1 in Dodging
  4056 | D:5      | Reached XP level 8. HP: 54/75 MP: 8/8
  4082 | D:5      | Killed Prince Ribbit
  4130 | D:5      | Noticed Pikel
  4130 | D:5      | 4130 ||| Stepping ~*~*~tactically~*~*~ (stealth).
  4151 | D:5      | Killed Pikel
  4152 | D:5      | Reached skill level 10 in Unarmed Combat
  4216 | D:5      | 4216 ||| Stepping ~*~*~tactically~*~*~ (stealth).
  4217 | D:5      | 4217 ||| Stepping ~*~*~tactically~*~*~ (stealth).
  4221 | D:5      | 4221 ||| Stepping ~*~*~tactically~*~*~ (stealth).
  4239 | D:5      | Identified the +2 leather armour "Meopt" {*Slow rPois
                  | Stlth+}
  4366 | D:5      | Noticed Duvessa
  4366 | D:5      | Noticed Dowan
  4367 | D:5      | 4367 ||| Stepping ~*~*~tactically~*~*~ (hiding).
  4370 | D:5      | 4370 ||| INVOKING Fiery Armour.
  4377 | D:5      | Killed Dowan
  4380 | D:5      | HP: 13/65 [Duvessa/+2 short sword of draining (14)]
  4381 | D:5      | 4381 ||| READING scroll of teleportation.
  4382 | D:5      | HP: 6/63 [Duvessa/+2 short sword of draining (6)]
  4383 | D:5      | HP: 2/61 [Duvessa/+2 short sword of draining (2)]
  4383 | D:5      | Slain by Duvessa

Levels and vault maps discovered:
D:1:      tarquinn_simple_flora_water_a, layout_loops_cross,
          shapermc_ecumenical_altar_acropolis
D:2:      layout_loops_corners, serial_rivers, chequers_serial_rivers_micro_e,
          chequers_serial_rivers_small_a, chequers_serial_rivers_room_a,
          chequers_serial_rivers_room_b, chequers_serial_rivers_small_3,
          chequers_serial_rivers_room_a, serial_shops,
          nicolae_shop_hallway_stairs, nicolae_square_shop, nicolae_shop_stone,
          shop, shop, minmay_cut_off
D:3:      layout_rooms, minmay_misc_feat_room, minmay_between
D:4:      layout_gridville, serial_shops, nicolae_shop_hallway_plus,
          roderic_roman_lattice
D:5:      layout_basic, minmay_temple_entry_proselytizer, patterned_corridor,
          uniq_menkaure, uniq_duvessa, uniq_pikel, uniq_prince_ribbit1

Skill      XL: |  1  2  3  4  5  6  7  8 |
---------------+-------------------------+-----
Unarmed Combat | 4 5 6 8 9 10 | 10.8
Fighting       | 3 |  3.4
Throwing       | 1 2 |  2.1
Dodging        | 1 |  1.9
Spellcasting   | |  1.0
Fire Magic     | |  2.1

Action                   |  1- 3 |  4- 6 |  7- 9 || total
-------------------------+-------+-------+-------++-------
Melee: Unarmed           |    63 |   185 |    83 ||   331
       Punch             |     2 |     5 |     2 ||     9
Throw: Boomerang         |       |    11 |    14 ||    25
Invok: Fiery Armour      |     1 |     3 |     2 ||     6
  Use: Scroll            |     3 |     2 |     2 ||     7
       Potion            |       |     4 |       ||     4
Armor: Robe              |    16 |    42 |    23 ||    81
Dodge: Dodged            |    28 |    64 |    21 ||   113

Table legend:
 A = Non-vault XP
 B = Vault XP
 C = Vault XP percentage of total XP
 D = Non-vault monster count
 E = Vault monster count
 F = Vault count percentage of total count
                 A         B        C        D         E       F
            +---------+---------+-------+---------+---------+-------
      Total |    1347 |    1241 |  48.0 |      99 |      14 |  12.4
            +---------+---------+-------+---------+---------+-------
        D:1 |      32 |       0 |   0.0 |      18 |       0 |   0.0
        D:2 |     202 |      14 |   6.5 |      30 |       4 |  11.8
        D:3 |      88 |      19 |  17.8 |      16 |       5 |  23.8
        D:4 |     488 |       0 |   0.0 |      25 |       0 |   0.0
        D:5 |     537 |    1208 |  69.2 |      10 |       5 |  33.3
            +---------+---------+-------+---------+---------+-------
